 Dungeon Crawl Stone Soup version 0.31.0-11-ge490571c62 (webtiles) character file.

Game seed: 2229902101224824851

55 qw the Shooter (level 3, 0/20 HPs)
             Began as a Deep Elf Hunter on Feb 5, 2024.
             Constricted to death by a ball python (1 damage)
             ... on level 2 of the Dungeon.
             The game lasted 00:00:03 (1059 turns).

qw the Shooter (Deep Elf Hunter)                    Turns: 1059, Time: 00:00:04

Health: 0/20       AC:  5    Str: 10    XL:     3   Next: 67%
Magic:  5/5        EV:  8    Int: 13    God:
Gold:   47         SH:  0    Dex: 18    Spells: 2/2 levels left

rFire   . . .        a - +1 shortbow
rCold   . . .        (shield currently unavailable)
rNeg    . . .        h - +0 ring mail
rPois   .            (no helmet)
rElec   .            (no cloak)
rCorr   .            (no gloves)
SInv    .            (no boots)
Will    .....        (no amulet)
Stlth   +            (no ring)
HPRegen 0.23/turn    (no ring)
MPRegen 0.09/turn

%: no passive effects
@: constricted
A: no striking features
a: no special abilities


You were on level 2 of the Dungeon.
You visited 1 branch of the dungeon, and saw 2 of its levels.

You collected 47 gold pieces.


   Skills:
 - Level 1.5 Fighting
 + Level 7.2 Ranged Weapons
 - Level 2.4 Dodging
 - Level 1.2 Stealth


You had 2 spell levels left.
You didn't know any spells.
Your spell library was empty.

Inventory:

Hand Weapons
 a - a +1 shortbow (weapon)
Armour
 h - a +0 ring mail (worn)
Potions
 e - a potion of curing
 j - a potion of invisibility {unknown}

Dungeon Overview and Level Annotations

Branches:
Dungeon (2/15)

Altars:


Message History

The hobgoblin shouts!
You shoot an arrow. The arrow hits the hobgoblin.
You kill the hobgoblin!
A gnoll comes into view. It is wielding a +0 spear.
You shoot an arrow. The gnoll shouts!
The arrow hits the gnoll.
The gnoll is moderately wounded.
You hear an angry hiss.
You hear a shout!
You shoot an arrow. The arrow hits the gnoll.
The gnoll is heavily wounded.
You shoot an arrow. The arrow hits the gnoll!
You kill the gnoll!
Your Ranged Weapons skill increases to level 7!
A rat comes into view.
You shoot an arrow. The arrow closely misses the rat.
The rat squeaks loudly.
You hear a shout!
You shoot an arrow. The arrow hits the rat.
You kill the rat! 2 gnolls, a frilled lizard and a ball python come into view.
A gnoll is wielding a +0 spear and quivering a throwing net.
The gnoll shouts!
A gnoll comes into view. It is wielding a +0 flail.
1054 ||| RETREEEEATING.
You shoot an arrow. The arrow hits the gnoll!
The gnoll is almost dead.
The gnoll closely misses you.
You shoot an arrow. The arrow barely misses the gnoll.
The ball python hisses angrily.
You shoot an arrow. The arrow closely misses the gnoll.
You hear a shout!
The gnoll barely misses you. The gnoll hits you with a +0 flail!
You shoot an arrow. The arrow hits the gnoll.
You kill the gnoll!
The gnoll hits you with a +0 flail! The gnoll hits you with a +0 flail.
You shoot an arrow. The arrow closely misses the gnoll.
The ball python closely misses you. The ball python grabs you.
The ball python constricts you.
You die...

#..... ......
#.....#.....
##....#...gl
#..........
#....)...S .......g.
.......g###
.......S@.# .
..........#### ..
.............+ ...
....%.###.####....
........###.........
#.........#.....#.#
..........#.....#
#.......#.#.#####.#
#........##.##.....


You could see 2 gnolls and a ball python.

Vanquished Creatures
  2 gnolls (D:2)
  4 giant cockroaches
  4 goblins (D:1)
  6 hobgoblins
  3 jackals (D:1)
  3 kobolds (D:1)
  A quokka (D:1)
  2 ball pythons (D:1)
  2 bats (D:1)
  5 rats
32 creatures vanquished.

Notes
Turn   | Place    | Note
-------+----------+-------------------------------------------
     0 | D:1      | qw the Deep Elf Hunter began the quest for the Orb.
     0 | D:1      | Reached XP level 1. HP: 12/12 MP: 3/3
     0 | D:1      | 0 ||| qw: Version: 0.3-a-160-g6735b56
     0 | D:1      | 0 ||| qw: Game counter: 6175
     0 | D:1      | 0 ||| qw: Melee chars always use a shield: true
     0 | D:1      | 0 ||| qw: God list: Okawaru
     0 | D:1      | 0 ||| qw: Allow faded altars: false
     0 | D:1      | 0 ||| qw: Do Orc after clearing Dungeon:15 true
     0 | D:1      | 0 ||| qw: Do second Lair branch before Depths: true
     0 | D:1      | 0 ||| qw: Lair rune preference: random
     0 | D:1      | 0 ||| qw: Goals: Normal
     0 | D:1      | 0 ||| PLANNING D:1-11
    83 | D:1      | Reached XP level 2. HP: 16/16 MP: 4/4
   125 | D:1      | Reached skill level 6 in Ranged Weapons
   699 | D:1      | Found a faded altar of an unknown god.
   830 | D:1      | Reached XP level 3. HP: 20/20 MP: 5/5
   981 | D:1      | 981 ||| UPGRADING to +0 scale mail.
   991 | D:1      | 991 ||| DROPPING +0 leather armour.
   992 | D:1      | 992 ||| UPGRADING to +0 ring mail.
  1002 | D:1      | 1002 ||| DROPPING +0 scale mail.
  1003 | D:1      | 1003 ||| READING 2 scrolls labelled OMMACEQ MUYPSO.
  1004 | D:1      | 1004 ||| READING scroll labelled YMMUEK AWAL.
  1005 | D:1      | 1005 ||| READING scroll labelled FYCEDA NUUGYRI.
  1005 | D:1      | 1005 ||| IDENTIFYING sapphire potion
  1006 | D:1      | 1006 ||| READING scroll labelled MIATRU CA CEU.
  1006 | D:1      | 1006 ||| ENCHANTING +0 shortbow.
  1007 | D:1      | 1007 ||| DROPPING scroll of butterflies.
  1008 | D:1      | 1008 ||| DROPPING scroll of revelation.
  1049 | D:2      | Reached skill level 7 in Ranged Weapons
  1054 | D:2      | 1054 ||| RETREEEEATING.
  1058 | D:2      | HP: 5/20 [gnoll/+0 flail (8)]
  1058 | D:2      | HP: 1/20 [gnoll/+0 flail (4)]
  1059 | D:2      | Constricted to death by a ball python

Levels and vault maps discovered:
D:1:      reono_arrival_forest_river, layout_basic,
          hellmonk_ecumenical_altar_prayer_group
D:2:      layout_basic, serial_shops, nicolae_shop_bloodbath_and_beyond,
          minmay_ruptured, uniq_crazy_yiuf_cottage

Skill      XL: |  1  2  3 |
---------------+----------+-----
Ranged Weapons | 6 7 |  7.2
Fighting       | |  1.5
Dodging        | |  2.4
Stealth        | |  1.2

Action                     || total
---------------------------++-------
   Fire: Shortbow          ||    92
    Use: Scroll            ||     4
 Armour: Leather armour    ||    13
         Ring mail         ||     5
  Dodge: Dodged            ||    23

Table legend:
 A = Non-vault XP
 B = Vault XP
 C = Vault XP percentage of total XP
 D = Non-vault monster count
 E = Vault monster count
 F = Vault count percentage of total count
                 A         B        C        D         E       F
            +---------+---------+-------+---------+---------+-------
      Total |      77 |       2 |   2.5 |      31 |       1 |   3.1
            +---------+---------+-------+---------+---------+-------
        D:1 |      43 |       2 |   4.4 |      25 |       1 |   3.8
        D:2 |      34 |       0 |   0.0 |       6 |       0 |   0.0
            +---------+---------+-------+---------+---------+-------
